 Dungeon Crawl Stone Soup version 0.28-a0-268-g3f656e82c2 (webtiles) character file.

Game seed: 13004765505000177238

238 Archison the Sneak (level 5, -4/24 HPs)
             Began as a Spriggan Enchanter on Aug 28, 2021.
             Killed by nerve-wracking pain
             ... invoked by Grinder
              (12 damage)
             ... on level 3 of the Dungeon on Aug 29, 2021.
             The game lasted 00:19:34 (4613 turns).

Archison the Sneak (Spriggan Enchanter)             Turns: 4613, Time: 00:19:34

Health: -4/24      AC:  2    Str:  4    XL:     5   Next: 78%
Magic:  10/10      EV: 18    Int: 17    God:
Gold:   94         SH:  0    Dex: 16    Spells: 4/9 levels left

rFire   . . .      SeeInvis +   a - +1 dagger
rCold   . . .      Faith    .   (shield restricted)
rNeg    . . .      Spirit   .   b - +0 robe
rPois   .          Reflect  .   (helmet restricted)
rElec   .          Harm     .   (no cloak)
rCorr   .          Rampage  .   (gloves unavailable)
Will    .....                   (boots unavailable)
Stlth   ++++......              (no amulet)
HPRegen 0.08/turn               (no ring)
MPRegen 0.12/turn               (no ring)

@: very quick
A: very small, no large weapons, unfitting armour, see invisible, speed 3
a: no special abilities


You were on level 3 of the Dungeon.
You visited 1 branch of the dungeon, and saw 4 of its levels.

You collected 94 gold pieces.

Inventory:

Hand Weapons
 a - a +1 dagger (weapon)
Armour
 b - a +0 robe (worn)
 c - a +0 robe
 f - a +0 pair of boots
 m - a +0 robe
Wands
 n - a wand of flame (15)
Scrolls
 e - 2 scrolls of noise
 g - a scroll of immolation {unknown}
 j - a scroll of torment {unknown}
 o - a scroll of acquirement {unknown}
 p - a scroll of fear {unknown}
Potions
 d - a potion of heal wounds
 h - a potion of might {unknown}
 i - a potion of resistance {unknown}
 k - 2 potions of curing {unknown}
 l - a potion of haste {unknown}


   Skills:
 + Level 0.1 Fighting
 + Level 2.0 Short Blades
 * Level 3.6 Dodging
 * Level 7.3 Stealth
 - Level 2.6 Spellcasting
 * Level 5.5 Hexes
 + Level 0.5 Ice Magic


You had 4 spell levels left.
You knew the following spells:

 Your Spells              Type           Power      Damage    Failure   Level
a - Ensorcelled Hibernat  Hex/Ice        24%        N/A       8%          2
b - Confusing Touch       Hex            21%        N/A       5%          3

Your spell library contained the following spells:

 Spells                   Type           Power      Damage    Failure   Level
 Tukima's Dance           Hex            21%        N/A       5%          3
 Dazzling Flash           Conj/Hex       22%        N/A       17%         3


Dungeon Overview and Level Annotations

Branches:
Dungeon (4/15)
 Temple: D:4-7

Altars:

Annotations:
D:3 Grinder


Innate Abilities, Weirdness & Mutations

You are very small and have problems with some larger weapons.
You are too small for most types of armour.
You have supernaturally acute eyesight. (SInv)
You cover ground extremely quickly. (Speed+++)


Message History

Level annotation: Grinder
There is a stone staircase leading down here.
You start resting.
Grinder is nearby!
Grinder is nearby!
Grinder shouts!
Grinder is nearby!
Grinder says, "There's only one good use for a tongue: cutting it out."
Grinder gestures at you. You resist with some effort.
Grinder is nearby!
Unknown command.
Casting: Ensorcelled Hibernation (safe; 8% risk of failure)
Confirm with . or Enter, or press ? or * to list all spells.
You can't see any susceptible monsters within range! (Use Z to cast anyway.) Unknown command.
Casting: Ensorcelled Hibernation (safe; 8% risk of failure)
Confirm with . or Enter, or press ? or * to list all spells.
You don't know that spell.
Unknown command.
Casting: Ensorcelled Hibernation (safe; 8% risk of failure)
Confirm with . or Enter, or press ? or * to list all spells.
You can't see any susceptible monsters within range! (Use Z to cast anyway.) Unknown command.
Casting: Ensorcelled Hibernation (safe; 8% risk of failure)
Confirm with . or Enter, or press ? or * to list all spells.
The spell is quite dangerous to cast (5% risk of failure)!
Continue anyway? [Y]es or [N]o only, please.
The spell is quite dangerous to cast (5% risk of failure)!
Continue anyway? [Y]es or [N]o only, please.
The spell is quite dangerous to cast (5% risk of failure)!
Continue anyway?
Okay, then.
Unknown command.
You barely miss Grinder. Grinder hits you.
You writhe in agony.
Grinder gestures at you. You resist with significant effort.
Grinder gestures at you. Pain shoots through your body!
Ouch! That really hurt!
You die...

...# #.##...............#.. ...#
#.####.......#.##..... ...# #.#
#......(#....<#.# ...# #.#
#.......#..#.##.# ...#########.#
#..........#.##.# ..........##.#
####...###.#.##.#
...######.##.#######.........##.#
#########.##.......5....##.#.##.#
'...............@.....>.##..###.#
#########.##..........#.........#
# ###.....##..........#..##..#..#
# #.......##..........##)###.#..#
# #.#....###.................#...
#.#....# ##############.##.####
###.#....# #.(#.#... #........#
##.#...## .........# #.....##


You could see Grinder.

Vanquished Creatures
  A howler monkey (D:4)
  A hound (D:4)
  Natasha (thrice) (D:3)
  2 gnolls (D:4)
  2 adders
  An adder skeleton (D:4)
  A dart slug (D:2)
  An orc (D:4)
  5 endoplasms
  7 goblins
  2 hobgoblins
  7 jackals (D:3)
  2 quokkas
  2 ball pythons
  5 bats
  3 frilled lizards
  4 kobolds
  4 rats
53 creatures vanquished.

Notes
Turn   | Place    | Note
-------+----------+-------------------------------------------
     0 | D:1      | Archison the Spriggan Enchanter began the quest for the
                  | Orb.
     0 | D:1      | Reached XP level 1. HP: 9/9 MP: 5/5
    36 | D:1      | Found a faded altar of an unknown god.
   823 | D:1      | Reached XP level 2. HP: 13/13 MP: 6/6
   955 | D:1      | Learned a level 2 spell: Ensorcelled Hibernation
  1691 | D:1      | Reached skill level 5 in Stealth
  1691 | D:1      | Reached XP level 3. HP: 8/16 MP: 4/8
  1731 | D:1      | Learned a level 3 spell: Confusing Touch
  2942 | D:4      | Noticed a gnoll sergeant
  2969 | D:4      | Reached skill level 6 in Stealth
  2969 | D:4      | Reached XP level 4. HP: 21/21 MP: 2/9
  3595 | D:3      | Noticed Natasha
  3604 | D:3      | Killed Natasha
  3605 | D:3      | Reached skill level 5 in Hexes
  3605 | D:3      | Reached XP level 5. HP: 24/24 MP: 7/10
  3739 | D:3      | Noticed Natasha
  3745 | D:3      | Killed Natasha
  3830 | D:3      | Noticed Natasha
  3833 | D:3      | Killed Natasha
  3949 | D:3      | Reached skill level 7 in Stealth
  4238 | D:3      | Noticed Grinder
  4494 | D:4      | Identified the +3 whip of Hepliaklqana's Pride {vamp,
                  | Int+4}
  4613 | D:3      | Killed from afar by Grinder

Illustrated notes

Levels and vault maps discovered:
D:1:      dpeg_arrival_tiny_a, layout_basic, ebering_ecumenical_altar_abandoned,
          serial_bayou_lake_a
D:2:      layout_rooms, serial_corexii_hall, corexii_hall_statues_l,
          corexii_hall_statues_l
D:3:      layout_basic, uniq_natasha, uniq_grinder
D:4:      layout_loops_cross, hangedman_abyss_or_decor_lesser_grid,
          moated_statue, lightli_minifort

Skill      XL: |  1  2  3  4  5 |
---------------+----------------+-----
Hexes          | 4 5 |  5.5
Dodging        | 3 |  3.6
Stealth        | 5 6 7 |  7.3
Short Blades   | 2 |  2.0
Fighting       | |  0.1
Spellcasting   | |  2.6
Ice Magic      | |  0.5

Action                   |  1- 3 |  4- 6 || total
-------------------------+-------+-------++-------
Melee: Dagger            |    76 |    41 ||   117
 Cast: Ensorcelled Hiber |    35 |    18 ||    53
  Use: Scroll            |     1 |     1 ||     2
       Potion            |     3 |       ||     3
 Stab: Sleeping          |    17 |    21 ||    38
       Invisible         |     1 |       ||     1
Armor: Robe              |     6 |     3 ||     9
Dodge: Dodged            |    97 |    30 ||   127

Table legend: (Time is in decaauts)
 A = Elapsed time spent in this place.
 B = Non-inter-level travel time spent in this place.
 C = Inter-level travel time spent in this place.
 D = Time resting spent in this place.
 E = Time spent auto-exploring this place.
 F = Levels seen in this place.
 G = Mean time per level.
                   A        B        C        D        E       F      G
               +--------+--------+--------+--------+--------+-----+--------+
         Total |   3583 |   3561 |     22 |   1401 |   1180 |   4 |  895.8 |
       Dungeon |   3583 |   3561 |     22 |   1401 |   1180 |   4 |  895.8 |
               +--------+--------+--------+--------+--------+-----+--------+

Top non-repeatable levels by time:
     D:3: 1344 daAuts
     D:1: 878 daAuts
     D:2: 713 daAuts
     D:4: 646 daAuts
